 Dungeon Crawl Stone Soup version 0.21.1-1-g345015f (webtiles) character file.

30 inc the Cudgeler (level 3, -1/26 HPs)
             Began as an Octopode Fighter on June 12, 2018.
             Slain by a water moccasin (9 damage)
             ... on level 2 of the Dungeon.
             The game lasted 00:01:16 (880 turns).

inc the Cudgeler (Octopode Fighter)                  Turns: 880, Time: 00:01:17

Health: -1/26      AC:  1    Str: 15    XL:     3   Next: 18%
Magic:  3/3        EV: 11    Int: 10    God:
Gold:   57         SH:  8    Dex: 12    Spells: 2/2 levels left

rFire    . . .     SeeInvis .   a - +0 flail
rCold    . . .     Gourm    .   b - +0 shield
rNeg     . . .     Faith    .   (helmet restricted)
rPois    .         Spirit   .   (no amulet)
rElec    .         Reflect  .   (no ring)
rCorr    .         Harm     .   (no ring)
MR       .....                  (no ring)
Stlth    ++........             (no ring)
HPRegen  0.08/turn              (no ring)
MPRegen  0.08/turn              (no ring)
                                (no ring)
                                (no ring)

@: lethally poisoned (-1 -> -27)
A: almost no armour, stealthy swim, amphibious, 8 rings, constrict 8, camouflage
1, gelatinous body 1
a: no special abilities


You were on level 2 of the Dungeon.
You were not hungry.

You visited 1 branch of the dungeon, and saw 2 of its levels.

You collected 57 gold pieces.

Inventory:

Hand Weapons
 a - a +0 flail (weapon)
Armour
 b - a +0 shield (worn)
Scrolls
 e - a scroll of teleportation {unknown}
 f - a scroll of magic mapping {unknown}
 i - a scroll of identify {unknown}
 j - 3 scrolls of enchant armour {unknown}
 k - a scroll of remove curse {unknown}
Potions
 c - a potion of might
 h - a potion of brilliance {unknown}
Comestibles
 d - 3 rations


   Skills:
 - Level 3.0 Fighting
 + Level 3.5 Maces & Flails
 - Level 3.0 Dodging
 - Level 3.0 Shields


You had 2 spell levels left.
You didn't know any spells.

Dungeon Overview and Level Annotations

Branches:
Dungeon (2/15)

Altars:


Innate Abilities, Weirdness & Mutations

You cannot wear most types of armour.
You are very stealthy in the water. (Stealth+)
You are amphibious.
You can wear up to eight rings at the same time.
You can use your tentacles to constrict eight enemies at once.
Your skin changes colour to match your surroundings (Stealth+).
Your rubbery body absorbs attacks. (AC +1, EV +1)


Message History

You closely miss the water moccasin. You grab the water moccasin.
The water moccasin is moderately wounded.
You constrict the water moccasin. The water moccasin bites you!
The water moccasin bites you.
You hit the water moccasin.
You squeeze the water moccasin, but do no damage.
The water moccasin is heavily wounded.
You constrict the water moccasin. The water moccasin barely misses you.
The water moccasin bites you!
* * * LOW HITPOINT WARNING * * *
You are lethally poisoned!
The water moccasin poisons you!
It was a potion of heal wounds.
You feel much better.
You constrict the water moccasin.
You feel sick. The water moccasin bites you!
You hit the water moccasin but do no damage.
The water moccasin is severely wounded.
You constrict the water moccasin.
You feel sick. The water moccasin bites you.
You are more poisoned.
The water moccasin poisons you! The water moccasin bites you!
You die...

#.......#
####.......#
..+.......#
#$........#
##.#.......#
#..........#
#.≈≈S%.....#
#..≈≈@....#
#.≈≈......#
#..≈≈.....#
#....≈≈....#
#?.........#######
#..(.............#
##########...###.#
#...# #.# #...#
#.#


You could see a water moccasin.

Vanquished Creatures
  4 bats
  4 giant cockroaches
  2 goblins (D:1)
  2 hobgoblins (D:1)
  2 jackals (D:2)
  4 frilled lizards
  5 kobolds
  3 rats (D:1)
26 creatures vanquished.

Notes
Turn   | Place    | Note
-------+----------+-------------------------------------------
     0 | D:1      | inc the Octopode Fighter began the quest for the Orb.
     0 | D:1      | Reached XP level 1. HP: 16/16 MP: 1/1
   154 | D:1      | Reached XP level 2. HP: 19/21 MP: 2/2
   592 | D:2      | Reached XP level 3. HP: 13/26 MP: 3/3
   873 | D:2      | Noticed a water moccasin
   880 | D:2      | Slain by a water moccasin

Skill      XL: |  1  2 |
---------------+-------+-----
Maces & Flails | 3 |  3.5
Fighting       | |  3.0
Dodging        | |  3.0
Shields        | |  3.0

Action                   || total
-------------------------++-------
Melee: Flail             ||    49
       Constrict         ||    16
       Tentacles         ||     3
  Use: Potion            ||     3
 Stab: Sleeping          ||     5
Armor: Skin              ||     2
Dodge: Dodged            ||    16
Block: Shield            ||    18
